 Dungeon Crawl Stone Soup version 0.17-a0-913-g36eb389 (webtiles) character file.

90 hornqvist the Shield-Bearer (level 4, -9/35 HPs)
             Began as a Formicid Fighter on May 3, 2015.
             Mangled by hornqvist's ghost (11 damage)
             ... on level 3 of the Dungeon.
             The game lasted 00:02:04 (1690 turns).

hornqvist the Shield-Bearer (Formicid Fighter)      Turns: 1690, Time: 00:02:04

Health: -9/35      AC:  8    Str: 27    XL:     4   Next: 85%
Magic:  4/4        EV:  9    Int:  7    God:
Gold:   47         SH: 10    Dex: 10    Spells: 0 memorised, 3 levels left

rFire  . . .     SeeInvis +     a - +0 war axe
rCold  . . .     Clarity  .     b - +0 scale mail
rNeg   + . .     SustAb   .     c - +0 shield
rPois  .         Gourm    .     (helmet unavailable)
rElec  .         Spirit   .     (no cloak)
rCorr  .         Warding  .     g - +0 pair of gloves
rMut   .         Stasis   +     (no boots)
MR     .....                    (no amulet)
Stlth  ..........               (no ring)
                                r - ring of positive energy

@: mighty, not resistant to hostile enchantments, extremely unstealthy
A: permanent stasis, dig shafts and tunnels, four strong arms, antennae 3
a: Dig, Shaft Self


You were on level 3 of the Dungeon.
You were not hungry.

You visited 1 branch of the dungeon, and saw 3 of its levels.

You collected 47 gold pieces.

Inventory:

Hand weapons
 a - a +0 war axe (weapon)
Armour
 b - a +0 scale mail (worn)
 c - a +0 shield (worn)
 g - a +0 pair of gloves (worn)
Jewellery
 r - a ring of positive energy (left hand)
Scrolls
 h - a scroll of fog {unknown}
 i - 3 scrolls of identify {unknown}
 j - a scroll of noise {unknown}
 l - 2 scrolls of immolation {unknown}
 m - a scroll of magic mapping {unknown}
 o - a scroll of remove curse {unknown}
 p - a scroll of fear {unknown}
 t - a scroll of amnesia {unknown}
 u - a scroll of teleportation {unknown}
Potions
 f - a potion of heal wounds {unknown}
 k - a potion of curing {unknown}
 s - 2 potions of degeneration {unknown}
 v - a potion of lignification {unknown}
Comestibles
 e - a bread ration
 n - 2 fruits
 q - 8 chunks of flesh
 w - a beef jerky
 x - a meat ration


   Skills:
 - Level 3.2 Fighting
 * Level 3.4 Axes
 - Level 3.2 Armour
 + Level 1.8 Dodging
 + Level 4.3 Shields


You had 3 spell levels left.
You didn't know any spells.

Dungeon Overview and Level Annotations

Branches:
Dungeon (3/15)

Altars:

Annotations:
D:3 hornqvist's ghost, average FoFi


Innate Abilities, Weirdness & Mutations

You are under a permanent stasis effect.
You can dig through walls and to a lower floor.
Your four strong arms can wield two-handed weapons with a shield.
You have a pair of large antennae on your head (SInv).


Message History

* * * LOW HITPOINT WARNING * * *
You take 22 damage, and have 13/35 hp.
MASSIVE DAMAGE!!
You hit hornqvist's ghost. Hornqvist's ghost hits you.
* * * LOW HITPOINT WARNING * * *
You take 2 damage, and have 11/35 hp.
You hit hornqvist's ghost but do no damage.
Hornqvist's ghost hits you!
* * * LOW HITPOINT WARNING * * *
Hornqvist's ghost misses you.
You take 9 damage, and have 2/35 hp.
MASSIVE DAMAGE!!
You are too injured to fight recklessly!
You are too injured to fight recklessly!
You are too injured to fight recklessly!
You are too injured to fight recklessly!
You are too injured to fight recklessly!
You closely miss hornqvist's ghost. Hornqvist's ghost barely misses you.
You hit hornqvist's ghost. Hornqvist's ghost stares at you.
Hornqvist's ghost hits you!
You die...

...##########.#..............###.
...# #.........##.(.... #. ####
#.........##...... #. #.........#
... #. #.........# ....##.
#.........# ........ #.........#
....... #.........# .......
#...@.....# ....... #.#W#######
###... #.#.# #... # #. #... #. .
. #. #. #. .


You could see hornqvist's ghost.

Vanquished Creatures
  3 adders (D:2)
  An ooze (D:1)
  A giant gecko (D:2)
  An orc (D:3)
  9 bats
  4 giant cockroaches
  3 goblins
  11 hobgoblins
  3 jackals (D:2)
  A quokka (D:2)
  3 giant newts
  6 kobolds
  8 rats
54 creatures vanquished.

Notes
Turn   | Place    | Note
--------------------------------------------------------------
     0 | D:1      | hornqvist, the Formicid Fighter, began the quest for the Orb.
     0 | D:1      | Reached XP level 1. HP: 18/18 MP: 1/1
    70 | D:1      | Reached XP level 2. HP: 21/24 MP: 2/2
   433 | D:1      | Reached XP level 3. HP: 19/29 MP: 3/3
   956 | D:2      | Reached skill level 4 in Shields
   960 | D:2      | Reached skill level 1 in Dodging
  1110 | D:2      | Reached XP level 4. HP: 26/35 MP: 4/4
  1681 | D:3      | Noticed hornqvist's ghost (average FoFi)
  1690 | D:3      | Mangled by hornqvist's ghost

Action                   |  1- 3 |  4- 6 || total
-------------------------+-------+-------++-------
Melee: War axe           |   103 |    92 ||   195
  Use: Potion            |       |     1 ||     1
  Eat: Chunk             |     1 |     2 ||     3
